 Dungeon Crawl Stone Soup version 0.20.1-1-g8b1a95d (webtiles) character file.

109 Rowanas the Charmwright (level 4, -15/23 HPs)
             Began as a Vine Stalker Skald on Oct 30, 2017.
             Demolished by an orc warrior
             ... wielding a +0 scimitar
              (19 damage)
             ... on level 6 of the Dungeon.
             The game lasted 00:20:00 (1440 turns).

Rowanas the Charmwright (Vine Stalker Skald)        Turns: 1440, Time: 00:20:01

Health: -15/23     AC:  5    Str: 14    XL:     4   Next: 90%
Magic:  0/8        EV: 11    Int: 16    God:
Gold:   66         SH:  0    Dex: 14    Spells: 4/7 levels left

rFire    . . .     SeeInvis .     - Unarmed
rCold    . . .     Gourm    .   (no shield)
rNeg     . . .     Faith    .   m - +0 ring mail
rPois    .         Spirit   +   (no helmet)
rElec    .         Reflect  .   (no cloak)
rCorr    .         Harm     .   (no gloves)
MR       .....                  (no boots)
Stlth    +.........             f - amulet of magic regeneration
Regen    0.5/turn               n - +3 ring of intelligence
MPRegen  0.2/turn               (no ring)

@: singing, very slightly contaminated
A: fangs 2, regeneration 1, magic shield, antimagic bite, no potion heal 3, rot
immunity
a: no special abilities


You were on level 6 of the Dungeon.
You were not hungry.

You visited 1 branch of the dungeon, and saw 5 of its levels.

You collected 66 gold pieces.

Inventory:

Missiles
 i - 4 javelins (quivered)
Armour
 a - a +0 leather armour
 d - a +0 plate armour
 k - a +0 leather armour
 m - a +0 ring mail (worn)
Jewellery
 f - an amulet of magic regeneration (around neck)
 n - a +3 ring of intelligence (left hand)
Scrolls
 e - 2 scrolls of teleportation {unknown}
 o - 2 scrolls of remove curse {unknown}
Potions
 g - a potion of ambrosia {unknown}
 h - a potion of resistance {unknown}
 j - a potion of magic {unknown}
 l - a potion of lignification {unknown}
Books
 b - a book of Battle

   Spells                             Type                      Level
   a - Infusion                       Charms                       1
   b - Shroud of Golubria             Charms/Translocation         2
   c - Song of Slaying                Charms                       2
   d - Spectral Weapon                Hexes/Charms                 3
   e - Regeneration                   Charms/Necromancy            3
Comestibles
 c - a bread ration
 p - 2 chunks of flesh


   Skills:
 + Level 2.1 Fighting
 * Level 1.5 Armour
 + Level 1.9 Dodging
 * Level 2.0 Stealth
 + Level 3.0 Unarmed Combat
 + Level 2.4 Spellcasting
 + Level 3.3 Charms


You had 4 spell levels left.
You knew the following spells:

 Your Spells              Type           Power        Failure   Level  Hunger
a - Infusion              Chrm           ##..         11%         1    #......
b - Song of Slaying       Chrm           ##......     16%         2    ###....


Dungeon Overview and Level Annotations

Branches:
Dungeon (4/15)
 Temple: D:4-7

Altars:


Innate Abilities, Weirdness & Mutations

You have extremely sharp teeth.
Your natural rate of healing is unusually fast.
When hurt, damage is shared between your health and your magic reserves.
Your bite disrupts and absorbs the magic of your enemies.
Potions cannot restore your health.
You are immune to rotting.


Message History

The orc warrior hits you with a scimitar.
You hit the orc warrior but do no damage.
Your bite misses the orc warrior.
The orc warrior is lightly wounded.
The orc warrior hits you with a scimitar!
You hit the orc warrior but do no damage.
You bite the orc warrior, but do no damage.
The orc warrior is lightly wounded.
The orc warrior hits you with a scimitar!
You hit the orc warrior.
The orc warrior is lightly wounded.
You closely miss the orc warrior. Your bite misses the orc warrior.
The orc warrior is lightly wounded.
The orc warrior hits you with a scimitar!
* * * LOW HITPOINT WARNING * * *
You barely miss the orc warrior.
The orc warrior is lightly wounded.
The orc warrior hits you with a scimitar!!
Ouch! That really hurt!
You die...

# ######### ..
#.......# .#.
#.......# ....
#.......#
.#...####.####
..>......o######...
#.###...oo@......#
.......#########.##
.#.###. .[ .#. ....
.# .. .. ..


You could see an orc warrior and 2 orcs.

Vanquished Creatures
  Terence (D:2)
  A worker ant (D:4)
  A howler monkey zombie (D:6)
  2 adders
  A worm (D:3)
  A dart slug (D:3)
  A giant cockroach (D:1)
  2 goblins (D:1)
  7 hobgoblins
  A ball python (D:3)
  2 bats (D:3)
  4 frilled lizards
  4 kobolds
28 creatures vanquished.

Vanquished Creatures (others)
  A hobgoblin (D:2)
  A frilled lizard (D:2)
2 creatures vanquished.

Grand Total: 30 creatures vanquished

Notes
Turn   | Place    | Note
-------+----------+-------------------------------------------
     0 | D:1      | Rowanas the Vine Stalker Skald began the quest for the Orb.
     0 | D:1      | Reached XP level 1. HP: 11/11 MP: 4/4
   147 | D:1      | Reached XP level 2. HP: 14/15 MP: 6/6
   456 | D:2      | Noticed Terence
   497 | D:2      | Killed Terence
   497 | D:2      | Reached skill level 1 in Armour
   497 | D:2      | Reached skill level 1 in Stealth
   497 | D:2      | Reached XP level 3. HP: 1/18 MP: 0/7
  1114 | D:3      | Gained mutation: Your natural rate of healing is unusually fast. [Vine Stalker growth]
  1114 | D:3      | Reached XP level 4. HP: 21/23 MP: 8/8
  1283 | D:4      | Learned a level 2 spell: Song of Slaying
  1414 | D:3      | You fall through a shaft for 3 floors!
  1420 | D:6      | Noticed an orc warrior
  1440 | D:6      | Demolished by an orc warrior

Skill      XL: |  1  2  3  4 |
---------------+-------------+-----
Fighting       | 2 |  2.1
Armour         | 1 |  1.5
Stealth        | 1 2 |  2.0
Unarmed Combat | 3 |  3.0
Dodging        | |  1.9
Spellcasting   | |  2.4
Charms         | |  3.3

Action                   |  1- 3 |  4- 6 || total
-------------------------+-------+-------++-------
Melee: Unarmed           |   122 |    54 ||   176
       Bite              |    32 |    14 ||    46
       Punch             |     1 |       ||     1
Throw: Javelin           |     4 |       ||     4
 Cast: Infusion          |     2 |     1 ||     3
       Song of Slaying   |       |     3 ||     3
  Use: Scroll            |     1 |       ||     1
 Stab: Sleeping          |       |     3 ||     3
  Eat: Chunk             |     1 |     1 ||     2
Armor: Plate armour      |    35 |       ||    35
       Ring mail         |    14 |     7 ||    21
Dodge: Dodged            |    43 |    27 ||    70
